 Dungeon Crawl Stone Soup version 0.21-a0-552-g593960d (webtiles) character file.

107 Lanoc the Insei (level 4, -6/36 HPs)
             Began as a Draconian Transmuter on Dec 18, 2017.
             Killed by divine providence
             ... invoked by an orc priest
              (12 damage)
             ... on level 4 of the Dungeon.
             The game lasted 00:06:57 (2542 turns).

Lanoc the Insei (Draconian Transmuter)              Turns: 2542, Time: 00:06:58

Health: -6/36      AC:  5    Str: 12    XL:     4   Next: 56%
Magic:  4/7        EV: 12    Int: 13    God:
Gold:   196        SH:  0    Dex: 13    Spells: 1/7 levels left

rFire    + . .     SeeInvis .     - Unarmed
rCold    . . .     Gourm    .   (no shield)
rNeg     . . .     Faith    .   (armour unavailable)
rPois    .         Spirit   .   (helmet restricted)
rElec    .         Reflect  .   (no cloak)
rCorr    .         Harm     .   (no gloves)
MR       .....                  (no boots)
Stlth    +.........             (no amulet)
HPRegen  0.12/turn              h - ring of protection from fire
MPRegen  0.10/turn              (no ring)

@: appendage
A: unfitting armour, horns 2, cold-blooded, AC +5
a: End Transformation


You were on level 4 of the Dungeon.
You were hungry.
You had grown temporary horns.
You visited 1 branch of the dungeon, and saw 4 of its levels.

You collected 196 gold pieces.

Inventory:

Missiles
 a - 49 arrows
Jewellery
 h - a ring of protection from fire (left hand)
Scrolls
 d - a scroll of amnesia {unknown}
 e - a scroll of magic mapping
 l - 2 scrolls of teleportation {unknown}
 p - a scroll of remove curse
 t - a scroll of identify
Potions
 f - a potion of ambrosia
 g - a potion of brilliance
 i - a potion of heal wounds {unknown}
 j - 2 potions of curing {unknown}
 o - a potion of haste {unknown}
 q - 2 potions of flight {unknown}
 r - a potion of magic {unknown}
Books
 b - a book of Changes

   Spells                             Type                      Level
   a - Beastly Appendage              Transmutation                1
   b - Sticks to Snakes               Transmutation                2
   c - Spider Form                    Transmutation/Poison         3
   d - Ice Form                       Ice/Transmutation            4
   e - Blade Hands                    Transmutation                5
Comestibles
 c - 3 bread rations
 k - 3 fruits
 m - a royal jelly
 n - 2 meat rations


   Skills:
 + Level 2.0 Fighting
 + Level 2.2 Dodging
 * Level 3.8 Unarmed Combat
 + Level 2.3 Spellcasting
 * Level 3.1 Transmutations


You had one spell level left.
You knew the following spells:

 Your Spells              Type           Power        Failure   Level  Hunger
a - Beastly Appendage     Tmut           #.....       7%          1    #......
b - Sticks to Snakes      Tmut           #.......     10%         2    ###....
c - Spider Form           Tmut/Pois      #.........   36%         3    ###....


Dungeon Overview and Level Annotations

Branches:
Dungeon (4/15)
 Temple: D:4-7

Altars:
Dithmenos
Nemelex Xobeh
Okawaru
Sif Muna


Innate Abilities, Weirdness & Mutations

Your plain brown scales are hard. (AC +5)
You cannot fit into any form of body armour.
You are cold-blooded and may be slowed by cold attacks.
You have a pair of horns on your head.


Message History

You kill the orc!
The orc barely misses you.
You hit the orc priest but do no damage.
The orc priest is poisoned.
The orc priest closely misses you. The orc completely misses you.
You barely miss the orc priest.
Your transformation has ended.
The orc priest hits you but does no damage.
The orc hits you with a club.
* * * LOW HITPOINT WARNING * * *
Casting: Spider Form
Confirm with . or Enter, or press ? or * to list all spells.
You grow a pair of large bovine horns.
The orc priest misses you. The orc hits you but does no damage.
You hit the orc priest but do no damage.
Your headbutt misses the orc priest.
The orc priest is lightly wounded.
The orc priest calls down the wrath of Beogh upon you.
Beogh smites you!
You die...

#._._.# ##...##
#⌠.⌠########.#
##'##......... ##
#.....######.## .#
####.............. .#+
#.........<.....# .?.
..#####).......########
...
......o@.......'.......
...
......#o.......########
... ..... ##########
... .... ... ... ... ##
... ###


You could see an orc priest and an orc.

Vanquished Creatures
  5 adders
  2 worms
  2 dart slugs
  A leopard gecko (D:2)
  3 orcs (D:4)
  4 giant cockroaches
  5 goblins
  4 hobgoblins
  6 jackals
  4 bats
  2 frilled lizards
  4 kobolds
  8 rats
50 creatures vanquished.

Notes
Turn   | Place    | Note
-------+----------+-------------------------------------------
     0 | D:1      | Lanoc the Draconian Transmuter began the quest for the Orb.
     0 | D:1      | Reached XP level 1. HP: 16/16 MP: 3/3
   123 | D:1      | Reached XP level 2. HP: 18/23 MP: 3/5
   160 | D:1      | Learned a level 2 spell: Sticks to Snakes
   638 | D:2      | Reached XP level 3. HP: 22/28 MP: 4/6
   850 | D:2      | Found a shadowy altar of Dithmenos.
  1346 | D:3      | Learned a level 3 spell: Spider Form
  1408 | D:3      | Reached XP level 4. HP: 27/36 MP: 5/7
  1418 | D:3      | Found a deep blue altar of Sif Muna.
  2150 | D:4      | Noticed a phantom
  2510 | D:4      | Found a sparkling altar of Nemelex Xobeh.
  2511 | D:4      | Found an iron altar of Okawaru.
  2542 | D:4      | Killed from afar by an orc priest

Vault maps used:
D:1:      shiori_arrival_elements
D:2:      old_standard_altar
D:3:      marbit_many_paths, kennysheep_another_room
D:4:      wad_pebble_path, chequers_temple_overflow_minitemple,
          gammafunk_temple_overflow_statue, first_bread

Skill      XL: |  1  2  3  4 |
---------------+-------------+-----
Dodging        | 2 |  2.2
Transmutations | 3 |  3.1
Fighting       | 2 |  2.0
Unarmed Combat | |  3.8
Spellcasting   | |  2.3

Action                   |  1- 3 |  4- 6 || total
-------------------------+-------+-------++-------
Melee: Unarmed           |   115 |    69 ||   184
       Headbutt          |     8 |     1 ||     9
       Kick              |    10 |       ||    10
       Tailslap          |    12 |     6 ||    18
       Punch             |     2 |       ||     2
 Cast: Beastly Appendage |    22 |     5 ||    27
       Spider Form       |       |     5 ||     5
  Use: Scroll            |     6 |       ||     6
  Eat: Chunk             |     2 |     3 ||     5
       Fruit             |       |     1 ||     1
Armor: Skin              |    30 |    19 ||    49
Dodge: Dodged            |    61 |    43 ||   104

Table legend:
 A = Spawn XP
 B = Non-spawn XP
 C = Spawn XP percentage of total XP
 D = Spawn monster count
 E = Non-spawn monster count
 F = Spawn count percentage of total count
 G = Total turns spent on level
                    A         B        C        D         E        F      G
               +---------+---------+-------+---------+---------+-------+---------
         Total |       0 |     153 |   0.0 |       0 |      50 |   0.0 |  2542
               +---------+---------+-------+---------+---------+-------+---------
           D:1 |       0 |      30 |   0.0 |       0 |      19 |   0.0 |   546
           D:2 |       0 |      56 |   0.0 |       0 |      17 |   0.0 |   718
           D:3 |       0 |      52 |   0.0 |       0 |       8 |   0.0 |  1144
           D:4 |       0 |      15 |   0.0 |       0 |       6 |   0.0 |   134
               +---------+---------+-------+---------+---------+-------+---------
